 Dungeon Crawl Stone Soup version 0.22-a0-252-gcace5d2 (webtiles) character file.

28957 erloom the Nimble (level 13, 0/101 HPs)
             Began as a Gnoll Wanderer on Mar 2, 2018.
             Was a High Priest of Cheibriados.
             Slain by a catoblepas (1 damage)
             ... on level 5 of the Lair of Beasts.
             The game lasted 01:05:41 (15677 turns).

erloom the Nimble (Gnoll Wanderer)                 Turns: 15677, Time: 01:05:42

Health: 0/101      AC: 21    Str: 29    XL:     13   Next: 42%
Magic:  25/25      EV:  2    Int: 35    God:    Cheibriados [*****.]
Gold:   546        SH:  0    Dex: 29    Spells: 25/28 levels left

rFire    . . .     SeeInvis .   I - +5 scimitar
rCold    . . .     Gourm    .   B - +0 large shield
rNeg     + + +     Faith    .   M - +3 scale mail {rN+}
rPois    ∞         Spirit   .   v - +1 helmet
rElec    .         Reflect  .   g - +0 cloak
rCorr    +         Harm     .   a - +2 pair of gloves
MR       +....                  t - +2 pair of boots
Stlth    +++.......             z - amulet of regeneration
HPRegen  0.66/turn              Q - ring of protection from magic
MPRegen  0.19/turn              Y - ring of Sloth {rCorr rPois Int+5 Slay+2}

@: petrified, very slow
A: distributed training, fangs 1, strong nose
a: Bend Time, Temporal Distortion, Slouch, Step From Time, Renounce Religion


You were on level 5 of the Lair of Beasts.
You worshipped Cheibriados.
Cheibriados was extremely pleased with you.
You were not hungry.

You visited 2 branches of the dungeon, and saw 16 of its levels.
You also visited: Sewer and Ice Cave.

You collected 1247 gold pieces.
You spent 701 gold pieces at shops.

Inventory:

Hand Weapons
 d - a +0 dire flail of draining
 I - a +5 scimitar (weapon)
 X - a +0 blowgun
Missiles
 h - 2 throwing nets
 m - 155 arrows
 q - 14 tomahawks (quivered)
 r - 53 poisoned needles
 V - 6 needles of confusion
Armour
 a - a +2 pair of gloves (worn)
 g - a +0 cloak (worn)
 t - a +2 pair of boots (worn)
 v - a +1 helmet (worn)
 B - a +0 large shield (worn)
 M - a +3 scale mail of positive energy (worn)
Magical Staves
 i - an uncursed staff of poison
 w - an uncursed staff of conjuration
 O - an uncursed staff of conjuration
 W - an uncursed staff of power
Jewellery
 p - an uncursed ring of protection from magic
 u - an uncursed ring of protection from cold
 y - an uncursed ring of protection from fire
 z - an amulet of regeneration (around neck)
 A - an uncursed ring of wizardry
 E - an uncursed ring of stealth {unknown}
 P - an uncursed ring of flight
 Q - a ring of protection from magic (left hand)
 Y - the ring of Sloth (right hand) {rCorr rPois Int+5 Slay+2}
   (You bought it in a shop on level 11 of the Dungeon)

   [ring of resist corrosion]

   It affects your intelligence (+5).
   It affects your accuracy and damage with ranged weapons and melee attacks
   (+2).
   It protects you from poison.
Wands
 o - a wand of iceblast (1)
 D - a wand of paralysis (42)
 J - a wand of enslavement (19)
 Z - a wand of polymorph (15)
Scrolls
 b - 3 scrolls of teleportation
 s - 4 scrolls of amnesia
 x - a scroll of silence {unknown}
 F - 2 scrolls of immolation
 G - a scroll of enchant weapon
 L - 2 scrolls of remove curse
 N - 5 scrolls of magic mapping
 S - 5 scrolls of identify
 U - 2 scrolls of fear
Potions
 c - 3 potions of heal wounds
 e - 5 potions of lignification
 j - 9 potions of curing
 k - 5 potions of flight
 l - a potion of mutation
 n - a potion of cancellation
 C - 5 potions of magic
 H - 4 potions of agility
 K - a potion of ambrosia
 R - 2 potions of might
Miscellaneous
 T - a lightning rod (3/4)
Comestibles
 f - 37 rations


   Skills:
 + Level 9.4 Fighting
 + Level 8.1 Short Blades
 + Level 8.6 Long Blades
 + Level 8.1 Axes
 + Level 8.1 Maces & Flails
 + Level 8.1 Polearms
 + Level 8.1 Staves
 + Level 8.1 Slings
 + Level 8.1 Bows
 + Level 8.1 Crossbows
 + Level 8.1 Throwing
 + Level 8.1 Armour
 + Level 10.4 Dodging
 + Level 8.1 Stealth
 + Level 8.1 Shields
 + Level 9.4 Unarmed Combat
 + Level 8.1 Spellcasting
 + Level 6.7 Conjurations
 + Level 6.7 Hexes
 + Level 6.7 Charms
 + Level 6.7 Summonings
 + Level 6.7 Necromancy
 + Level 6.7 Translocations
 + Level 6.7 Transmutations
 + Level 6.7 Fire Magic
 + Level 6.7 Ice Magic
 + Level 6.7 Air Magic
 + Level 6.7 Earth Magic
 + Level 6.7 Poison Magic
 + Level 8.9 Invocations
 + Level 9.4 Evocations


You had 25 spell levels left.
You knew the following spells:

 Your Spells              Type           Power        Failure   Level  Hunger
a - Mephitic Cloud        Conj/Pois/Air  ######..     10%         3    None


Dungeon Overview and Level Annotations

Branches:
Dungeon (11/15)            Temple (0/1) D:6            Lair (5/6) D:8
  Swamp (0/4) Lair:4        Snake (0/4) Lair:3          Orc (0/2) D:10
  Slime: Lair:5-6

Altars:
Cheibriados
Dithmenos
Gozag
Kikubaaqudgha
Nemelex Xobeh
Sif Muna
The Shining One

Shops:
D:11 =


Innate Abilities, Weirdness & Mutations

Your experience applies equally to all skills.
You have very sharp teeth.
Your uncanny sense of smell can sniff out nearby items.


Message History

You bite the catoblepas, but do no damage.
The catoblepas is moderately wounded.
You are engulfed in calcifying dust.
Your limbs have turned to stone.
The wolf bites you! The wolf bites you. The wolf bites you!
The komodo dragon bites you!!
* * * LOW HITPOINT WARNING * * *
The catoblepas gores you!
* * * LOW HITPOINT WARNING * * *
The wolf bites you.
* * * LOW HITPOINT WARNING * * *
You have turned to stone.
You are engulfed in calcifying dust.
The wolf bites you but does no damage. x2
The komodo dragon bites you!
* * * LOW HITPOINT WARNING * * *
The catoblepas gores you.
The wolf bites you but does no damage. x2
The wolf bites you but does no damage. The wolf bites you.
* * * LOW HITPOINT WARNING * * *
The komodo dragon bites you but does no damage.
The catoblepas gores you.
You die...

.%......................
..........P.............
........................
..P.....................
..............<.........
........................
................h.......
...............lYh......
.##.#..P....###†@h......
#####..#### #.........
#### #.........
.......... P..........
##P......... .P.........
............


You could see a catoblepas, a komodo dragon and 3 wolves.

Vanquished Creatures
  3 hydras
  The ghost of Azzok the Marksgargoyle, a journeyman GrBe of Trog (D:11)
  3 two-headed ogres
  The ghost of NormalPerson7 the Frost Mage, a novice OpIE of Kikubaaqudgha (D:9)
  2 ugly things
  8 elephants
  A manticore (D:11)
  2 ice statues (IceCv)
  A black mamba (Lair:1)
  4 spiny frogs
  A rime drake (Lair:4)
  2 komodo dragons
  A queen bee (Lair:1)
  A troll (D:9)
  2 hornets
  8 blink frogs (Lair:4)
  5 hippogriffs
  A wyvern (Lair:2)
  A spriggan (D:8)
  15 yaks
  A basilisk (Lair:2)
  2 wargs (D:8)
  Edmund (D:5)
  7 water moccasins
  Duvessa (D:5)
  5 porcupines
  10 ice beasts
  2 sky beasts
  4 phantoms
  8 orc warriors
  A black bear (Lair:3)
  8 ogres
  An eye of draining (D:11)
  4 wolves
  3 centaurs
  4 big kobolds
  10 crocodiles
  13 bullfrogs
  A wyvern zombie (D:11)
  Dowan (D:5)
  A scorpion (D:10)
  A troll zombie (D:10)
  25 killer bees (Lair:1)
  15 howler monkeys
  5 wights (D:7)
  2 vampire bats (D:7)
  9 crimson imps
  A jelly (D:10)
  10 orc wizards
  A quasit (D:6)
  9 orc priests
  A bullfrog skeleton (D:9)
  4 hounds
  2 iguanas
  A bullfrog zombie (D:5)
  3 hell rats (Lair:2)
  6 worker ants
  5 ogre zombies (D:10)
  A hound zombie (D:8)
  2 hound skeletons (D:4)
  6 gnolls
  11 adders
  A howler monkey skeleton (D:5)
  A river rat (Lair:2)
  2 shadow imps
  2 oozes
  2 worms
  A dart slug (D:3)
  8 leopard geckos
  68 orcs
  10 bats
  3 bat skeletons (D:7)
  2 bat zombies (D:7)
  7 giant cockroaches
  4 goblins
  7 hobgoblins
  11 jackals
  22 kobolds
  6 quokkas
  2 ball pythons
  A ball python skeleton (D:5)
  4 frilled lizards
  A goblin skeleton (D:10)
  3 goblin zombies (D:10)
  A hobgoblin zombie (D:10)
  A jackal zombie (D:5)
  A leopard gecko skeleton (D:5)
  2 orc skeletons (D:10)
  11 orc zombies (D:10)
  A quokka skeleton (D:8)
  14 rats
470 creatures vanquished.

Vanquished Creatures (others)
  An ugly thing (IceCv)
  6 fungi
  3 plants
10 creatures vanquished.

Grand Total: 480 creatures vanquished

Notes
Turn   | Place    | Note
-------+----------+-------------------------------------------
     0 | D:1      | erloom the Gnoll Wanderer began the quest for the Orb.
     0 | D:1      | erloom set off with: a +2 falchion, a scroll of teleportation, a wand of random effects (15), a +0 robe, a ration
     0 | D:1      | Reached XP level 1. HP: 20/20 MP: 3/3
    75 | D:1      | Reached XP level 2. HP: 22/26 MP: 5/5
   321 | D:1      | Reached XP level 3. HP: 31/31 MP: 6/6
  1128 | D:1      | Reached skill level 1 in Invocations
  1642 | D:2      | Reached skill level 1 in Short Blades
  1642 | D:2      | Reached skill level 1 in Axes
  1642 | D:2      | Reached skill level 1 in Maces & Flails
  1642 | D:2      | Reached skill level 1 in Polearms
  1642 | D:2      | Reached skill level 1 in Staves
  1642 | D:2      | Reached skill level 1 in Slings
  1642 | D:2      | Reached skill level 1 in Bows
  1642 | D:2      | Reached skill level 1 in Crossbows
  1642 | D:2      | Reached skill level 1 in Throwing
  1642 | D:2      | Reached skill level 1 in Armour
  1642 | D:2      | Reached skill level 1 in Stealth
  1642 | D:2      | Reached skill level 1 in Shields
  1642 | D:2      | Reached skill level 1 in Spellcasting
  1642 | D:2      | Reached XP level 4. HP: 33/38 MP: 7/7
  1678 | D:2      | Found an opulent altar of Gozag.
  2012 | D:2      | Reached skill level 1 in Conjurations
  2012 | D:2      | Reached skill level 1 in Hexes
  2012 | D:2      | Reached skill level 1 in Charms
  2012 | D:2      | Reached skill level 1 in Summonings
  2012 | D:2      | Reached skill level 1 in Necromancy
  2012 | D:2      | Reached skill level 1 in Translocations
  2012 | D:2      | Reached skill level 1 in Transmutations
  2012 | D:2      | Reached skill level 1 in Fire Magic
  2012 | D:2      | Reached skill level 1 in Ice Magic
  2012 | D:2      | Reached skill level 1 in Air Magic
  2012 | D:2      | Reached skill level 1 in Earth Magic
  2012 | D:2      | Reached skill level 1 in Poison Magic
  2279 | D:3      | Reached XP level 5. HP: 38/43 MP: 8/8
  2667 | D:3      | Found a snail-covered altar of Cheibriados.
  2674 | D:3      | Became a worshipper of Cheibriados the Contemplative
  2758 | D:3      | Found a deep blue altar of Sif Muna.
  2934 | D:4      | Noticed an ogre
  3038 | D:4      | Killed an ogre
  3038 | D:4      | Reached XP level 6. HP: 30/50 MP: 5/9
  3102 | D:4      | Reached skill level 5 in Fighting
  3102 | D:4      | Reached skill level 5 in Unarmed Combat
  3102 | D:4      | Reached skill level 5 in Evocations
  3115 | D:4      | Found a sparkling altar of Nemelex Xobeh.
  3194 | D:4      | Reached * piety under Cheibriados
  3314 | D:4      | Noticed a phantom
  3334 | D:4      | Killed a phantom
  3334 | D:4      | Reached XP level 7. HP: 42/56 MP: 10/10
  3359 | D:4      | Found a glowing drain.
  3380 | Sewer    | Entered a sewer
  3396 | Sewer    | Reached skill level 7 in Dodging
  3588 | Sewer    | Reached ** piety under Cheibriados
  4060 | D:5      | Entered Level 5 of the Dungeon
  4060 | D:5      | Noticed Duvessa
  4060 | D:5      | Noticed Dowan
  4290 | D:5      | Killed Duvessa
  4304 | D:5      | Killed Dowan
  4304 | D:5      | Reached XP level 8. HP: 35/63 MP: 12/12
  4643 | D:5      | Noticed Edmund
  4651 | D:5      | Killed Edmund
  5249 | D:6      | Reached *** piety under Cheibriados
  5364 | D:6      | Paralysed by an orc wizard for 6 turns
  5389 | D:6      | Found a shadowy altar of Dithmenos.
  5396 | D:6      | Paralysed by something for 2 turns
  5404 | D:6      | Paralysed by something for 4 turns
  6175 | D:6      | Reached XP level 9. HP: 69/69 MP: 14/14
  6181 | D:6      | Found a staircase to the Ecumenical Temple.
  6637 | D:7      | Reached **** piety under Cheibriados
  6654 | D:7      | Reached skill level 5 in Long Blades
  6703 | D:7      | Noticed a hornet
  6709 | D:6      | Killed a hornet
  6731 | D:7      | Reached skill level 8 in Dodging
  6799 | D:7      | Found an ancient bone altar of Kikubaaqudgha.
  6857 | D:7      | Reached skill level 5 in Invocations
  7085 | D:7      | Found a glowing golden altar of the Shining One.
  7210 | D:8      | Noticed a two-headed ogre
  7223 | D:8      | Killed a two-headed ogre
  7223 | D:8      | Reached XP level 10. HP: 51/77 MP: 13/17
  7273 | D:8      | Reached ***** piety under Cheibriados
  7321 | D:8      | Reached skill level 5 in Short Blades
  7321 | D:8      | Reached skill level 5 in Axes
  7321 | D:8      | Reached skill level 5 in Maces & Flails
  7321 | D:8      | Reached skill level 5 in Polearms
  7321 | D:8      | Reached skill level 5 in Staves
  7321 | D:8      | Reached skill level 5 in Slings
  7321 | D:8      | Reached skill level 5 in Bows
  7321 | D:8      | Reached skill level 5 in Crossbows
  7321 | D:8      | Reached skill level 5 in Throwing
  7321 | D:8      | Reached skill level 5 in Armour
  7321 | D:8      | Reached skill level 5 in Stealth
  7321 | D:8      | Reached skill level 5 in Shields
  7321 | D:8      | Reached skill level 5 in Spellcasting
  7723 | D:8      | Found a staircase to the Lair.
  7981 | D:9      | Noticed NormalPerson7's ghost (novice OpIE)
  8230 | D:9      | Noticed a two-headed ogre
  8237 | D:9      | Killed a two-headed ogre
  8503 | D:9      | Killed NormalPerson7's ghost
  8558 | D:9      | Reached XP level 11. HP: 64/84 MP: 19/19
  8620 | D:9      | Paralysed by an orc for 7 turns
  9409 | D:10     | Entered Level 10 of the Dungeon
  9420 | D:9      | Reached skill level 9 in Dodging
  9639 | D:10     | Reached skill level 5 in Conjurations
  9639 | D:10     | Reached skill level 5 in Hexes
  9639 | D:10     | Reached skill level 5 in Charms
  9639 | D:10     | Reached skill level 5 in Summonings
  9639 | D:10     | Reached skill level 5 in Necromancy
  9639 | D:10     | Reached skill level 5 in Translocations
  9639 | D:10     | Reached skill level 5 in Transmutations
  9639 | D:10     | Reached skill level 5 in Fire Magic
  9639 | D:10     | Reached skill level 5 in Ice Magic
  9639 | D:10     | Reached skill level 5 in Air Magic
  9639 | D:10     | Reached skill level 5 in Earth Magic
  9639 | D:10     | Reached skill level 5 in Poison Magic
  9820 | D:10     | Reached ****** piety under Cheibriados
  9840 | D:10     | Found a staircase to the Orcish Mines.
 10448 | D:11     | Noticed a red ugly thing
 10517 | D:11     | Killed a red ugly thing
 10755 | D:11     | Noticed a two-headed ogre
 10764 | D:11     | Killed a two-headed ogre
 10944 | D:11     | Noticed Azzok's ghost (journeyman GrBe)
 10963 | D:11     | Noticed a manticore
 10963 | D:11     | Killed Azzok's ghost
 10976 | D:11     | Killed a manticore
 11349 | D:11     | Found Anaimoki's Jewellery Boutique.
 11352 | D:11     | Bought the ring of Sloth {rCorr rPois Int+5 Slay+2} for 701 gold pieces
 11504 | Lair:1   | Entered Level 1 of the Lair of Beasts
 11735 | Lair:1   | Reached XP level 12. HP: 93/93 MP: 22/22
 12838 | Lair:2   | Noticed a five-headed hydra
 13671 | Lair:2   | Killed a seven-headed hydra
 14056 | Lair:3   | Reached skill level 10 in Dodging
 14095 | Lair:3   | Found a staircase to the Snake Pit.
 14571 | Lair:3   | Learned a level 3 spell: Mephitic Cloud
 14683 | Lair:4   | Noticed a four-headed hydra
 14689 | Lair:4   | Killed a four-headed hydra
 14689 | Lair:4   | Reached XP level 13. HP: 73/101 MP: 24/24
 14769 | Lair:4   | Found a frozen archway.
 14775 | IceCv    | Entered an ice cave
 14810 | IceCv    | Found a transporter.
 14966 | Lair:4   | Found a staircase to the Swamp.
 15676 | Lair:5   | HP: 3/101 [komodo dragon (8)]
 15677 | Lair:5   | HP: 1/101 [wolf (3)]
 15677 | Lair:5   | Slain by a catoblepas

Vault maps used:
D:1:      minmay_arrival_nine_rooms
D:2:      nicolae_gozag_seed_capital
D:3:      cheibriados_altar_1, first_ration, led_sif_book
D:4:      nemelex_altar_shiori, gup_sewer_entry_pipe
D:5:      serial_glass, glass_columns_a, glass_columns_a, glass_columns_a,
          glass_columns_a, glass_columns_a, glass_columns_b, glass_columns_c,
          glass_columns_a, glass_columns_a, glass_columns_b, glass_columns_a,
          glass_columns_c, glass_columns_b, glass_columns_b, uniq_edmund,
          uniq_duvessa
D:6:      kennysheep_little_box, minmay_temple_entry_enclosed_plants
D:7:      tso_altar, kennysheep_vampire_church, minivault_19
D:8:      erik_lair_orcish_takeover, the_bakery, minmay_checkerbox
D:10:     zombieorc1_lemuel
D:11:     serial_shops, kennysheep_mini
Lair:1:   special_room, grunt_megastairs_2
Lair:2:   st_stairs_7, minmay_stone_trees_large, grunt_forest_small_clearings,
          kennysheep_abandoned_house
Lair:3:   guppyfry_snake_entry_island
Lair:4:   swamp_mist_pool, portal_ice_cave_entry_pillars_2
Lair:5:   lemuel_fruit_fields
Sewer:    sewer_co_15_rooms
IceCv:    ice_cave_statue_garden_teleport

Skill      XL: |  1  2  3  4  5  6  7  8  9 10 11 12 13 |
---------------+----------------------------------------+-----
Invocations    | 1 2 3 4 5 6 7 8 |  8.9
Short Blades   | 1 2 3 4 5 6 7 8 |  8.1
Axes           | 1 2 3 4 5 6 7 8 |  8.1
Maces & Flails | 1 2 3 4 5 6 7 8 |  8.1
Polearms       | 1 2 3 4 5 6 7 8 |  8.1
Staves         | 1 2 3 4 5 6 7 8 |  8.1
Slings         | 1 2 3 4 5 6 7 8 |  8.1
Bows           | 1 2 3 4 5 6 7 8 |  8.1
Crossbows      | 1 2 3 4 5 6 7 8 |  8.1
Throwing       | 1 2 3 4 5 6 7 8 |  8.1
Armour         | 1 2 3 4 5 6 7 8 |  8.1
Stealth        | 1 2 3 4 5 6 7 8 |  8.1
Shields        | 1 2 3 4 5 6 7 8 |  8.1
Spellcasting   | 1 2 3 4 5 6 7 8 |  8.1
Conjurations   | 1 2 3 4 5 6 |  6.7
Hexes          | 1 2 3 4 5 6 |  6.7
Charms         | 1 2 3 4 5 6 |  6.7
Summonings     | 1 2 3 4 5 6 |  6.7
Necromancy     | 1 2 3 4 5 6 |  6.7
Translocations | 1 2 3 4 5 6 |  6.7
Transmutations | 1 2 3 4 5 6 |  6.7
Fire Magic     | 1 2 3 4 5 6 |  6.7
Ice Magic      | 1 2 3 4 5 6 |  6.7
Air Magic      | 1 2 3 4 5 6 |  6.7
Earth Magic    | 1 2 3 4 5 6 |  6.7
Poison Magic   | 1 2 3 4 5 6 |  6.7
Long Blades    | 3 4 5 6 7 8 |  8.6
Fighting       | 5 6 7 8 9 |  9.4
Unarmed Combat | 5 6 7 8 9 |  9.4
Evocations     | 5 6 7 8 9 |  9.4
Dodging        | 7 8 9 10 | 10.4

Action                   |  1- 3 |  4- 6 |  7- 9 | 10-12 | 13-15 || total
-------------------------+-------+-------+-------+-------+-------++-------
Melee: Falchion          |    67 |   169 |   394 |       |       ||   630
       Bite              |     9 |    27 |    93 |   186 |    42 ||   357
       Punch             |     1 |     2 |    12 |       |       ||    15
       Scimitar          |       |       |    44 |   793 |   133 ||   970
Throw: Tomahawk          |       |    24 |     8 |     7 |       ||    39
Invok: Bend Time         |       |     1 |     4 |     4 |     5 ||    14
       Slouch            |       |       |       |     3 |     5 ||     8
Evoke: Wand              |       |       |       |    17 |     3 ||    20
       Lightning rod     |       |       |       |     3 |     1 ||     4
  Use: Scroll            |       |       |    12 |     9 |     1 ||    22
       Potion            |       |       |     1 |     2 |     2 ||     5
 Stab: Sleeping          |     4 |       |     4 |    11 |       ||    19
       Distracted        |       |       |       |     1 |       ||     1
  Eat: Chunk             |     2 |     6 |     7 |    12 |     4 ||    31
       Ration            |       |       |       |     1 |       ||     1
Armor: Robe              |     4 |       |       |       |       ||     4
       Scale mail        |     1 |    62 |   173 |   213 |    71 ||   520
Dodge: Dodged            |    65 |   131 |   288 |   345 |   123 ||   952
Block: Large shield      |       |       |   147 |   829 |   208 ||  1184
       Rpst.: Falchion   |    22 |    35 |    79 |       |       ||   136
       Scimitar          |       |       |    13 |    85 |    34 ||   132

Table legend:
 A = Spawn XP
 B = Non-spawn XP
 C = Spawn XP percentage of total XP
 D = Spawn monster count
 E = Non-spawn monster count
 F = Spawn count percentage of total count
 G = Total turns spent on level
                    A         B        C        D         E        F      G
               +---------+---------+-------+---------+---------+-------+---------
         Total |       0 |   41368 |   0.0 |       0 |     471 |   0.0 | 15677
               +---------+---------+-------+---------+---------+-------+---------
           D:1 |       0 |      73 |   0.0 |       0 |      24 |   0.0 |  1358
           D:2 |       0 |      60 |   0.0 |       0 |      16 |   0.0 |   730
           D:3 |       0 |      92 |   0.0 |       0 |      24 |   0.0 |   821
           D:4 |       0 |     530 |   0.0 |       0 |      28 |   0.0 |   826
           D:5 |       0 |     729 |   0.0 |       0 |      17 |   0.0 |  1124
           D:6 |       0 |    1323 |   0.0 |       0 |      33 |   0.0 |  1265
           D:7 |       0 |    1390 |   0.0 |       0 |      39 |   0.0 |   748
           D:8 |       0 |    2472 |   0.0 |       0 |      26 |   0.0 |   979
           D:9 |       0 |    4238 |   0.0 |       0 |      31 |   0.0 |  1334
          D:10 |       0 |    2070 |   0.0 |       0 |      72 |   0.0 |  1003
          D:11 |       0 |    3526 |   0.0 |       0 |      22 |   0.0 |   978
        Lair:1 |       0 |    6909 |   0.0 |       0 |      51 |   0.0 |   987
        Lair:2 |       0 |    2794 |   0.0 |       0 |      19 |   0.0 |  1365
        Lair:3 |       0 |    4752 |   0.0 |       0 |      19 |   0.0 |   735
        Lair:4 |       0 |    5779 |   0.0 |       0 |      19 |   0.0 |   829
        Lair:5 |       0 |    1863 |   0.0 |       0 |       7 |   0.0 |    71
         Sewer |       0 |     152 |   0.0 |       0 |      14 |   0.0 |   338
         IceCv |       0 |    2616 |   0.0 |       0 |      10 |   0.0 |   186
               +---------+---------+-------+---------+---------+-------+---------
